[Event "55th Rubinstein Memorial-A 2019"]
[Site "Polanica-Zdroj"]
[Date "2019.08.22"]
[Round "6.23"]
[White "Galuszka, Kamil"]
[Black "Oleksy, Krzysztof"]
[Result "0-1"]
[ECO "B20"]
[WhiteElo "2058"]
[BlackElo "1840"]
[Annotator "NA"]
[PlyCount "146"]
[EventDate "2019.08.17"]
[EventType "swiss"]
[EventCountry "POL"]
[SourceTitle "playchess.com"]
[Source "ChessBase"]
[SourceQuality "1"]
[TimeControl "40/5400+30:1800+30"]

1. e4 c5 2. Qe2 Nc6 3. Nf3 g6 4. g3 Bg7 5. Bg2 d6 6. c3 e6 7. O-O Nge7 8. Rd1 Qc7 9. Na3 a6 10. Nc2 O-O 11. d4 e5 12. Be3 b6 13. Rd2 Bb7 14. d5 Nb8 15. Nh4 Nd7 16. Rf1 f5 17. Bg5 Nf6 18. f4 Nxe4 19. Bxe4 fxe4 20. Qxe4 Rae8 21. Bxe7 Rxe7 22. f5 Ref7 23. Rdf2 g5 24. Ng2 c4 25. Nce3 b5 26. h4 gxh4 27. Nxh4 Qe7 28. Ng4 Qg5 29. f6 Bxf6 30. Rf5 Qg7 31. Qf3 Bg5 32. Rxf7 Qxf7 33. Qxf7+ Rxf7 34. Nf5 Kf8 35. Nxd6 Rxf1+ 36. Kxf1 Bxd5 37. Ke2 Ke7 38. Nf5+ Ke6 39. Nge3 Bxe3 40. Nxe3 Bb7 41. Kd2 Kd6 42. Kc1 Be4 43. Kd2 Bb1 44. a3 Bg6 45. Ke1 h5 46. Kd2 Kc5 47. Kc1 Kb6 48. Nd5+ Kc5 49. Ne3 Be4 50. Kd2 Kb6 51. Kc1 Ka5 52. Kd2 Ka4 53. Kc1 Kb3 54. Nf1 Bd3 55. Ne3 a5 56. Nd5 e4 57. Ne3 b4 58. axb4 axb4 59. cxb4 Kxb4 60. Kd2 Kb3 61. Nd1 Bf1 62. Nc3 Bg2 63. Nd1 Bf3 64. Ne3 Bg4 65. Ke1 Bf3 66. Kd2 Kb4 67. Kc2 Be2 68. Kd2 Bd3 69. Nd1 Kb3 70. Kc1 Be2 71. Nc3 Bf3 72. Nb5 e3 73. Nc3 e2 0-1

[Event "55th Rubinstein Memorial-A 2019"]
[Site "Polanica-Zdroj"]
[Date "2019.08.22"]
[Round "6.24"]
[White "Zabrzanska, Weronika"]
[Black "Jankowiak, Piotr"]
[Result "0-1"]
[ECO "C50"]
[WhiteElo "1770"]
[BlackElo "2033"]
[Annotator "NA"]
[PlyCount "108"]
[EventDate "2019.08.17"]
[EventType "swiss"]
[EventCountry "POL"]
[SourceTitle "playchess.com"]
[Source "ChessBase"]
[SourceQuality "1"]
[TimeControl "40/5400+30:1800+30"]

1. e4 e5 2. Nf3 Nc6 3. Bc4 Bc5 4. d3 Nf6 5. c3 O-O 6. O-O d5 7. exd5 Nxd5 8. Nbd2 Bg4 9. Ne4 Be7 10. h3 Bh5 11. Ng3 Bg6 12. Re1 Bf6 13. Ne4 Be7 14. Ng3 Nb6 15. Bb5 f6 16. d4 Be8 17. Nf5 Bd6 18. dxe5 Nxe5 19. Nxd6 Qxd6 20. Qxd6 Nxf3+ 21. gxf3 cxd6 22. Bxe8 Rfxe8 23. Bf4 Nc4 24. b3 Ne5 25. Bxe5 dxe5 26. Red1 Red8 27. Kf1 Kf7 28. Ke2 Ke6 29. Ke3 g5 30. c4 Rac8 31. a3 h5 32. Rac1 a6 33. Ke2 Kf5 34. Ke3 h4 35. Rb1 Rd4 36. Ke2 Kf4 37. Rg1 Rcd8 38. Rg4+ Kf5 39. Rxd4 exd4 40. Rd1 Re8+ 41. Kf1 Rd8 42. Rd3 Ke5 43. Ke2 f5 44. Kf1 Rc8 45. Rd2 b5 46. Re2+ Kf4 47. Rd2 Rd8 48. cxb5 axb5 49. Rd3 Ke5 50. Ke2 Ra8 51. b4 Kd5 52. Kd1 Kc4 53. Kd2 Re8 54. a4 bxa4 0-1

[Event "55th Rubinstein Memorial-A 2019"]
[Site "Polanica-Zdroj"]
[Date "2019.08.22"]
[Round "6.25"]
[White "Derylo, Kamil"]
[Black "Galant, Ireneusz"]
[Result "1-0"]
[ECO "B32"]
[WhiteElo "2030"]
[BlackElo "1774"]
[Annotator "NA"]
[PlyCount "127"]
[EventDate "2019.08.17"]
[EventType "swiss"]
[EventCountry "POL"]
[SourceTitle "playchess.com"]
[Source "ChessBase"]
[SourceQuality "1"]
[TimeControl "40/5400+30:1800+30"]

1. e4 c5 2. Nf3 Nc6 3. d4 cxd4 4. Nxd4 e5 5. Nb5 a6 6. Nd6+ Bxd6 7. Qxd6 Qe7 8. Qd3 Nf6 9. c3 d6 10. g3 h6 11. Bg2 Be6 12. Be3 O-O 13. O-O b5 14. Nd2 d5 15. exd5 Nxd5 16. a4 Rab8 17. axb5 axb5 18. Ra6 Qb7 19. Rfa1 Rfd8 20. Qe2 Qd7 21. Bc5 Bg4 22. f3 Bf5 23. Ne4 Nc7 24. Rb6 Ra8 25. Re1 Qd5 26. Bf2 Bxe4 27. fxe4 Qd7 28. Qc2 Na5 29. Bf1 Qd2 30. Qxd2 Rxd2 31. b4 Nb3 32. Rb7 Ne6 33. Rb1 Ra3 34. Be1 Rda2 35. Rd1 Ng5 36. Bg2 Re2 37. h4 Raa2 38. Bh1 Nh3+ 39. Kf1 Rf2+ 40. Bxf2 Rxf2+ 41. Ke1 Rc2 42. Bf3 Ng1 43. Rd8+ Kh7 44. Bg4 Kg6 45. Kf1 Rc1+ 46. Rd1 Rxc3 47. Bf5+ Kh5 48. Kxg1 g6 49. Bd7 Nd4 50. Bxb5 Rxg3+ 51. Kh2 Rb3 52. Bc4 Rb2+ 53. Kg3 Rc2 54. Bd3 Rb2 55. Rxf7 Rxb4 56. Re7 Rb3 57. Rxe5+ g5 58. hxg5 hxg5 59. Rd5 Ne2+ 60. Kf2 Nf4 61. Be2+ Kh4 62. Rd8 Nh3+ 63. Kf1 Rb4 64. Rh8+ 1-0

[Event "55th Rubinstein Memorial-A 2019"]
[Site "Polanica-Zdroj"]
[Date "2019.08.22"]
[Round "6.26"]
[White "Luberanski, Jakub"]
[Black "Gromczak, Dariusz"]
[Result "1-0"]
[ECO "B06"]
[WhiteElo "1996"]
[BlackElo "1812"]
[Annotator "NA"]
[PlyCount "53"]
[EventDate "2019.08.17"]
[EventType "swiss"]
[EventCountry "POL"]
[SourceTitle "playchess.com"]
[Source "ChessBase"]
[SourceQuality "1"]
[TimeControl "40/5400+30:1800+30"]

1. e4 g6 2. d4 Bg7 3. Nc3 d6 4. f4 e6 5. Nf3 Ne7 6. Bd3 d5 7. e5 Nd7 8. O-O a6 9. Be3 b6 10. Ne2 c5 11. c3 Bb7 12. Rc1 O-O 13. Qe1 f6 14. g4 fxe5 15. fxe5 Rxf3 16. Rxf3 Nxe5 17. dxe5 d4 18. Rh3 dxe3 19. Nf4 Bxe5 20. Qh4 Bxf4 21. Qxh7+ Kf8 22. Rf1 e5 23. Qh8+ Ng8 24. Bc4 Bd5 25. Qxe5 g5 26. Qf5+ Ke8 27. Bxd5 1-0

[Event "55th Rubinstein Memorial-A 2019"]
[Site "Polanica-Zdroj"]
[Date "2019.08.22"]
[Round "6.27"]
[White "Rosol, Alexander"]
[Black "Wloch, Mikolaj"]
[Result "1/2-1/2"]
[ECO "B76"]
[WhiteElo "1968"]
[BlackElo "1771"]
[Annotator "NA"]
[PlyCount "106"]
[EventDate "2019.08.17"]
[EventType "swiss"]
[EventCountry "POL"]
[SourceTitle "playchess.com"]
[Source "ChessBase"]
[SourceQuality "1"]
[TimeControl "40/5400+30:1800+30"]

1. e4 c5 2. Nf3 d6 3. d4 cxd4 4. Nxd4 Nf6 5. Nc3 g6 6. f3 Bg7 7. Be3 O-O 8. Qd2 Nc6 9. O-O-O Nxd4 10. Bxd4 Be6 11. Kb1 Qc7 12. g4 Rfc8 13. h4 Qa5 14. a3 h5 15. g5 Nd7 16. Nd5 Qd8 17. Bxg7 Kxg7 18. f4 Bxd5 19. exd5 Rc5 20. Bh3 Nb6 21. Qd4+ Kg8 22. Qe4 Nc4 23. f5 Qb6 24. b3 Nxa3+ 25. Kb2 Rxc2+ 26. Kxa3 Qc5+ 27. Qb4 Ra2+ 28. Kxa2 Qxb4 29. fxg6 fxg6 30. Be6+ Kh8 31. Rc1 a5 32. Rc4 Qd2+ 33. Kb1 b5 34. Rc2 Qb4 35. Rh3 a4 36. Rhc3 Rf8 37. Rc8 Qxb3+ 38. Ka1 Qa3+ 39. Kb1 Qb4+ 40. Ka2 Qb3+ 41. Ka1 Rxc8 42. Rxc8+ Kg7 43. Rg8+ Kh7 44. Rf8 Qc3+ 45. Ka2 Qc4+ 46. Ka1 Qd4+ 47. Ka2 Qd2+ 48. Ka1 Qe1+ 49. Ka2 Qe2+ 50. Ka1 Qe5+ 51. Ka2 Qh2+ 52. Ka1 Qh1+ 53. Ka2 Qg2+ 1/2-1/2

[Event "55th Rubinstein Memorial-A 2019"]
[Site "Polanica-Zdroj"]
[Date "2019.08.23"]
[Round "7.1"]
[White "Warakomski, Tomasz"]
[Black "Marszalek, Maciej"]
[Result "1-0"]
[ECO "C50"]
[WhiteElo "2497"]
[BlackElo "2295"]
[Annotator "ChessBase"]
[PlyCount "69"]
[EventDate "2019.08.17"]
[EventType "swiss"]
[EventCountry "POL"]
[SourceTitle "playchess.com"]
[Source "ChessBase"]
[SourceQuality "1"]
[TimeControl "40/5400+30:1800+30"]

1. e4 e5 2. Nf3 Nc6 3. Bc4 Bc5 4. O-O Nf6 5. d3 d6 6. c3 a6 7. a4 h6 8. Re1 O-O 9. Nbd2 Ba7 10. Nf1 Ne7 11. Ng3 Ng6 12. Bb3 Re8 13. h3 Be6 14. d4 c6 15. Be3 Qc7 16. Bc2 a5 17. Qe2 Bb6 18. Rad1 Rad8 19. Qf1 Bc8 20. Bc1 Qb8 21. b3 Qa7 22. Bb2 Qb8 23. Kh1 Qa7 24. c4 exd4 25. Nxd4 Nf4 26. Re3 Ne6 27. Ndf5 Nh7 28. Red3 Bxf2 29. Nh5 Nhg5 30. R3d2 Be3 31. Re2 Nf4 32. Nxf4 Nxe4 33. Bxe4 Rxe4 34. Nxe3 Rxe3 35. Bd4 1-0

[Event "55th Rubinstein Memorial-A 2019"]
[Site "Polanica-Zdroj"]
[Date "2019.08.23"]
[Round "7.2"]
[White "Grabarczyk, Miroslaw"]
[Black "Goluch, Piotr"]
[Result "1/2-1/2"]
[ECO "D37"]
[WhiteElo "2362"]
[BlackElo "2418"]
[Annotator "NA"]
[PlyCount "222"]
[EventDate "2019.08.17"]
[EventType "swiss"]
[EventCountry "POL"]
[SourceTitle "playchess.com"]
[Source "ChessBase"]
[SourceQuality "1"]
[TimeControl "40/5400+30:1800+30"]

1. d4 Nf6 2. c4 e6 3. Nf3 d5 4. Nc3 Be7 5. Bf4 O-O 6. e3 b6 7. Be2 Bb7 8. O-O Nbd7 9. cxd5 Nxd5 10. Nxd5 Bxd5 11. Ne5 Nxe5 12. Bxe5 Bd6 13. Bxd6 Qxd6 14. Bf3 Rfd8 15. Rc1 e5 16. Bxd5 Qxd5 17. Qb3 exd4 18. Rxc7 Qxb3 19. axb3 dxe3 20. fxe3 f6 21. Rfc1 Rd5 22. Rb7 Rad8 23. Rcc7 Rg5 24. Rxa7 Rd1+ 25. Kf2 h5 26. Rc2 Rf5+ 27. Kg3 Rd3 28. Re7 Rxb3 29. h4 Rb4 30. e4 Rb3+ 31. Rc3 Rxc3+ 32. bxc3 Rc5 33. Kf4 Rxc3 34. Rb7 Rb3 35. g3 Kh7 36. Rb8 Kg6 37. Rd8 b5 38. Rb8 Rb1 39. Rb6 b4 40. Rb7 Rb3 41. Rb5 Kh6 42. Rb6 Rc3 43. e5 Rc4+ 44. Kf5 Rc5 45. Rxb4 Rxe5+ 46. Kf4 Re1 47. Kf3 Kg6 48. Rb5 Rf1+ 49. Kg2 Rf5 50. Rb7 Re5 51. Kf3 Kh7 52. Ra7 Kg8 53. Rb7 Kf8 54. Ra7 Re7 55. Ra5 g6 56. Ra6 Kf7 57. Rb6 Rd7 58. Ke4 Ke7 59. Ra6 Rd6 60. Ra7+ Ke6 61. Rb7 Ra6 62. Rb4 g5 63. hxg5 fxg5 64. Rb5 Kf6 65. Kf3 Ra3+ 66. Kf2 Rd3 67. Ra5 Rd2+ 68. Kf3 Rd3+ 69. Kf2 Rd6 70. Kf3 Re6 71. Rb5 Re5 72. Rb8 Ra5 73. Rf8+ Ke5 74. Re8+ Kd4 75. Re4+ Kd5 76. Re8 Ra3+ 77. Kf2 g4 78. Re7 Rf3+ 79. Kg2 Rf5 80. Ra7 Kc4 81. Ra4+ Kb3 82. Rd4 Kc3 83. Rd8 Kc4 84. Rd1 Rd5 85. Rc1+ Kd3 86. Rd1+ Ke4 87. Re1+ Kf5 88. Re8 Re5 89. Ra8 Re2+ 90. Kf1 Rd2 91. Ra4 Ke5 92. Rb4 Rd4 93. Rb5+ Ke4 94. Ke2 Ra4 95. Rb2 Rc4 96. Ra2 Rb4 97. Rc2 Rb3 98. Kf2 Kd3 99. Re2 Rb5 100. Re3+ Kd4 101. Re8 Rb2+ 102. Kf1 Rb3 103. Kf2 Rf3+ 104. Kg2 Rf5 105. Ra8 Rc5 106. Rd8+ Ke4 107. Re8+ Re5 108. Ra8 Rd5 109. Re8+ Kd3 110. Kf2 Rf5+ 111. Kg2 Rc5 1/2-1/2

[Event "55th Rubinstein Memorial-A 2019"]
[Site "Polanica-Zdroj"]
[Date "2019.08.23"]
[Round "7.3"]
[White "Lewtak, Damian"]
[Black "Kosakowski, Jakub"]
[Result "1/2-1/2"]
[ECO "A05"]
[WhiteElo "2354"]
[BlackElo "2401"]
[Annotator "NA"]
[PlyCount "73"]
[EventDate "2019.08.17"]
[EventType "swiss"]
[EventCountry "POL"]
[SourceTitle "playchess.com"]
[Source "ChessBase"]
[SourceQuality "1"]
[TimeControl "40/5400+30:1800+30"]

1. Nf3 Nf6 2. g3 b6 3. Bg2 Bb7 4. O-O e6 5. b3 Be7 6. Bb2 O-O 7. e3 c5 8. c4 d6 9. Nc3 Nbd7 10. d4 Ne4 11. Qe2 Nxc3 12. Bxc3 Be4 13. Rfd1 Qc8 14. Ne5 Nf6 15. Ng4 Bxg2 16. Nxf6+ Bxf6 17. Kxg2 Qa6 18. Rac1 cxd4 19. Bxd4 Bxd4 20. Rxd4 d5 21. Rc2 dxc4 22. Qxc4 Qa5 23. b4 Qa4 24. b5 Qxc4 25. Rdxc4 a6 26. a4 axb5 27. axb5 Rfd8 28. Rc6 Rab8 29. e4 g6 30. R2c4 Kg7 31. Ra4 Rb7 32. Ra6 Rd4 33. Raxb6 Rxb6 34. Rxb6 Rxe4 35. Rc6 Rb4 36. b6 Rb3 37. Kf1 1/2-1/2

[Event "55th Rubinstein Memorial-A 2019"]
[Site "Polanica-Zdroj"]
[Date "2019.08.23"]
[Round "7.4"]
[White "Mikhaletz, Lubomir"]
[Black "Mis, Mieszko"]
[Result "0-1"]
[ECO "B10"]
[WhiteElo "2412"]
[BlackElo "2296"]
[Annotator "NA"]
[PlyCount "114"]
[EventDate "2019.08.17"]
[EventType "swiss"]
[EventCountry "POL"]
[SourceTitle "playchess.com"]
[Source "ChessBase"]
[SourceQuality "1"]
[TimeControl "40/5400+30:1800+30"]

1. e4 c6 2. Nf3 d5 3. Nc3 Nf6 4. e5 Ne4 5. d4 Nxc3 6. bxc3 c5 7. Bd3 Nc6 8. h3 e6 9. O-O c4 10. Be2 Qa5 11. Bd2 Bd7 12. Qb1 O-O-O 13. a4 Be7 14. Qb2 h6 15. Rfb1 Qc7 16. Bf4 g5 17. Bh2 h5 18. Nd2 g4 19. hxg4 hxg4 20. Nf1 Rdg8 21. Bg3 Bh4 22. Qc1 Bxg3 23. fxg3 f6 24. exf6 e5 25. Ne3 exd4 26. Nxd5 Qd6 27. Rb5 Re8 28. Qf4 Qxf4 29. Nxf4 Rhf8 30. cxd4 Rxf6 31. Bxc4 Nxd4 32. Rc5+ Bc6 33. c3 Nc2 34. Rc1 Na3 35. Bb3 b6 36. Rg5 Re4 37. Rg7 Bxa4 38. Bd5 Re3 39. Kf2 Re5 40. Bb7+ Kb8 41. Ra1 Bb5 42. Kg1 Nc4 43. Bd5 a5 44. Rb7+ Kc8 45. Rh7 Rd6 46. Bb7+ Kb8 47. Rb1 a4 48. Kh2 Na5 49. Bd5 Rexd5 50. Nxd5 Rxd5 51. Re1 Rd7 52. Rh4 Rg7 53. Re4 a3 54. Rh8+ Kb7 55. Rd8 a2 56. Rd1 Nb3 57. Rb4 Be2 0-1

[Event "55th Rubinstein Memorial-A 2019"]
[Site "Polanica-Zdroj"]
[Date "2019.08.23"]
[Round "7.5"]
[White "Domanski, Lukasz"]
[Black "Oglaza, Oskar"]
[Result "0-1"]
[ECO "B51"]
[WhiteElo "2058"]
[BlackElo "2367"]
[Annotator "NA"]
[PlyCount "43"]
[EventDate "2019.08.17"]
[EventType "swiss"]
[EventCountry "POL"]
[SourceTitle "playchess.com"]
[Source "ChessBase"]
[SourceQuality "1"]
[TimeControl "40/5400+30:1800+30"]

1. e4 c5 2. Nf3 d6 3. Bb5+ Nd7 4. d4 cxd4 5. Qxd4 a6 6. Bxd7+ Bxd7 7. O-O Rc8 8. Nc3 e5 9. Qd3 h6 10. Be3 Nf6 11. Rad1 Be7 12. Nh4 O-O 13. Nf5 Bxf5 14. exf5 Qa5 15. Qd2 Rfd8 16. Bxh6 gxh6 17. Qxh6 e4 18. Rfe1 Qxf5 19. Re3 Ng4 20. Rg3 Qxf2+ 21. Kh1 Qxg3 22. Ra1 0-1

[Event "55th Rubinstein Memorial-A 2019"]
[Site "Polanica-Zdroj"]
[Date "2019.08.23"]
[Round "7.6"]
[White "Jaroch, Karol"]
[Black "Kozak, Antoni"]
[Result "0-1"]
[ECO "B29"]
[WhiteElo "2231"]
[BlackElo "2354"]
[Annotator "NA"]
[PlyCount "50"]
[EventDate "2019.08.17"]
[EventType "swiss"]
[EventCountry "POL"]
[SourceTitle "playchess.com"]
[Source "ChessBase"]
[SourceQuality "1"]
[TimeControl "40/5400+30:1800+30"]

1. e4 c5 2. Nf3 Nf6 3. Nc3 e6 4. e5 Nd5 5. Nxd5 exd5 6. d4 Nc6 7. Be2 d6 8. exd6 Bxd6 9. dxc5 Bxc5 10. O-O O-O 11. c3 Re8 12. Bg5 f6 13. Bh4 Bf5 14. Re1 Be4 15. Nd2 Bg6 16. Bg3 Bf7 17. Nb3 Bb6 18. Qd2 a5 19. Bb5 a4 20. Rxe8+ Bxe8 21. Bxc6 bxc6 22. Nd4 Qd7 23. Re1 c5 24. Re6 Bc7 25. Qe2 cxd4 0-1

[Event "55th Rubinstein Memorial-A 2019"]
[Site "Polanica-Zdroj"]
[Date "2019.08.23"]
[Round "7.7"]
[White "Mazalon, Mariusz"]
[Black "Lapaj, Mateusz"]
[Result "0-1"]
[ECO "E70"]
[WhiteElo "2012"]
[BlackElo "2233"]
[Annotator "NA"]
[PlyCount "96"]
[EventDate "2019.08.17"]
[EventType "swiss"]
[EventCountry "POL"]
[SourceTitle "playchess.com"]
[Source "ChessBase"]
[SourceQuality "1"]
[TimeControl "40/5400+30:1800+30"]

1. d4 Nf6 2. c4 g6 3. Nc3 Bg7 4. e4 d6 5. Bd3 O-O 6. Nge2 e5 7. d5 Nbd7 8. O-O Nc5 9. Bc2 a5 10. Bg5 h6 11. Be3 Ng4 12. Bd2 f5 13. h3 Nf6 14. exf5 gxf5 15. f4 e4 16. Be3 Bd7 17. Qd2 Qe8 18. Nd4 Qg6 19. b3 Kh7 20. a3 Rg8 21. b4 axb4 22. axb4 Rxa1 23. Rxa1 Na6 24. Rb1 Nh5 25. g4 Bxd4 26. Bxd4 fxg4 27. Bxe4 Bf5 28. Qc2 gxh3+ 29. Kh2 Qg3+ 30. Kh1 Qg2+ 31. Qxg2 hxg2+ 32. Kh2 Rf8 33. Re1 Bxe4 34. Rxe4 Rxf4 35. Re7+ Kg6 36. Ne2 Rh4+ 37. Kg1 Nxb4 38. Rxc7 Re4 39. Kf2 Nd3+ 40. Kxg2 Rxe2+ 41. Kf3 Rc2 42. Ke3 Nb2 43. Rxb7 Nxc4+ 44. Kd3 Rc1 45. Bc3 Ne5+ 46. Kd2 Rf1 47. Re7 Rf5 48. Re6+ Nf6 0-1

[Event "55th Rubinstein Memorial-A 2019"]
[Site "Polanica-Zdroj"]
[Date "2019.08.23"]
[Round "7.8"]
[White "Cukrowski, Filip"]
[Black "Praczukowski, Stanislaw"]
[Result "1-0"]
[ECO "B90"]
[WhiteElo "2424"]
[BlackElo "2126"]
[Annotator "NA"]
[PlyCount "31"]
[EventDate "2019.08.17"]
[EventType "swiss"]
[EventCountry "POL"]
[SourceTitle "playchess.com"]
[Source "ChessBase"]
[SourceQuality "1"]
[TimeControl "40/5400+30:1800+30"]

1. e4 c5 2. Nf3 d6 3. d4 cxd4 4. Nxd4 Nf6 5. Nc3 a6 6. Be3 e5 7. Nf3 Be7 8. Bc4 O-O 9. O-O Be6 10. Qd3 Nc6 11. Bxe6 fxe6 12. Ng5 Nb4 13. Qc4 d5 14. Qb3 d4 15. Nxe6 Qe8 16. Nxd4+ 1-0

[Event "55th Rubinstein Memorial-A 2019"]
[Site "Polanica-Zdroj"]
[Date "2019.08.23"]
[Round "7.9"]
[White "Slomczewski, Michal"]
[Black "Psyk, Radoslaw"]
[Result "0-1"]
[ECO "A10"]
[WhiteElo "2115"]
[BlackElo "2326"]
[Annotator "NA"]
[PlyCount "78"]
[EventDate "2019.08.17"]
[EventType "swiss"]
[EventCountry "POL"]
[SourceTitle "playchess.com"]
[Source "ChessBase"]
[SourceQuality "1"]
[TimeControl "40/5400+30:1800+30"]

1. c4 g6 2. e4 Bg7 3. d4 d6 4. Nc3 Nd7 5. Be3 e5 6. d5 Ne7 7. Bd3 O-O 8. Nge2 a5 9. O-O f5 10. exf5 Nxf5 11. Bxf5 gxf5 12. f4 e4 13. Nd4 Nc5 14. Qh5 Nd3 15. Rab1 Qe8 16. Qxe8 Rxe8 17. h3 Kf7 18. Nce2 Bd7 19. b3 h5 20. Nc1 Nc5 21. Nc2 b6 22. Bd4 Bxd4+ 23. Nxd4 Rg8 24. Kh2 Rg6 25. Nce2 Nd3 26. g3 h4 27. gxh4 Rh8 28. Ng3 Rxh4 29. Ndxf5 Rh8 30. Rg1 Kf6 31. Nxe4+ Kxf5 32. Rxg6 Kxg6 33. Rg1+ Kf5 34. Rg7 Kxe4 35. Rxd7 Kf3 36. Rg7 Nxf4 37. Rg3+ Ke4 38. Rc3 Kd4 39. Rf3 Rxh3+ 0-1

[Event "55th Rubinstein Memorial-A 2019"]
[Site "Polanica-Zdroj"]
[Date "2019.08.23"]
[Round "7.10"]
[White "Kucza, Karol"]
[Black "Szczurek, Krzysztof"]
[Result "1-0"]
[ECO "B09"]
[WhiteElo "2296"]
[BlackElo "2112"]
[Annotator "NA"]
[PlyCount "67"]
[EventDate "2019.08.17"]
[EventType "swiss"]
[EventCountry "POL"]
[SourceTitle "playchess.com"]
[Source "ChessBase"]
[SourceQuality "1"]
[TimeControl "40/5400+30:1800+30"]

1. e4 g6 2. d4 Bg7 3. Nc3 d6 4. f4 Nf6 5. Nf3 O-O 6. Bd3 c5 7. dxc5 dxc5 8. e5 Nd5 9. Qe2 Nxc3 10. bxc3 Nc6 11. O-O Qc7 12. Bd2 f6 13. Rae1 Kh8 14. e6 f5 15. Ng5 h6 16. Nf7+ Kg8 17. g4 Nd8 18. gxf5 gxf5 19. Bxf5 Nxf7 20. exf7+ Rxf7 21. Bg6 Rf6 22. f5 e5 23. Qh5 Qd6 24. Rd1 Qf8 25. Bg5 b6 26. Bxf6 Bxf6 27. Qf3 Ba6 28. Rd7 Bc4 29. Rfd1 e4 30. Qxe4 b5 31. R1d6 Bxc3 32. f6 Bd4+ 33. Rxd4 cxd4 34. Qxd4 1-0

[Event "55th Rubinstein Memorial-A 2019"]
[Site "Polanica-Zdroj"]
[Date "2019.08.23"]
[Round "7.11"]
[White "Jaskolka, Tomasz"]
[Black "Kaczmarek, Arkadiusz"]
[Result "1-0"]
[ECO "D44"]
[WhiteElo "2227"]
[BlackElo "1986"]
[Annotator "NA"]
[PlyCount "61"]
[EventDate "2019.08.17"]
[EventType "swiss"]
[EventCountry "POL"]
[SourceTitle "playchess.com"]
[Source "ChessBase"]
[SourceQuality "1"]
[TimeControl "40/5400+30:1800+30"]

1. d4 d5 2. c4 c6 3. Nc3 Nf6 4. Nf3 e6 5. Bg5 dxc4 6. e4 b5 7. e5 h6 8. Bh4 g5 9. Bg3 Nd5 10. Nd2 Bb7 11. Be2 Nd7 12. a4 a6 13. Nde4 Nxc3 14. Nxc3 b4 15. Ne4 c5 16. Bf3 Qb6 17. a5 Qb5 18. d5 exd5 19. Nf6+ Nxf6 20. exf6 Qc6 21. O-O Kd7 22. Re1 Re8 23. Bg4+ Kd8 24. Rxe8+ Qxe8 25. Qf3 Qc6 26. Qe2 Qxf6 27. Be5 Qe7 28. Bxh8 f6 29. Qf3 d4 30. Qf5 Qe4 31. Qd7# 1-0

[Event "55th Rubinstein Memorial-A 2019"]
[Site "Polanica-Zdroj"]
[Date "2019.08.23"]
[Round "7.12"]
[White "Lukasiewicz, Krzysztof"]
[Black "Rosicki, Marcin"]
[Result "1/2-1/2"]
[ECO "C50"]
[WhiteElo "2185"]
[BlackElo "2042"]
[Annotator "NA"]
[PlyCount "149"]
[EventDate "2019.08.17"]
[EventType "swiss"]
[EventCountry "POL"]
[SourceTitle "playchess.com"]
[Source "ChessBase"]
[SourceQuality "1"]
[TimeControl "40/5400+30:1800+30"]

1. e4 e5 2. Nf3 Nc6 3. Bc4 Nf6 4. d3 Bc5 5. O-O d6 6. c3 h6 7. Nbd2 O-O 8. Bb3 a5 9. Re1 Re8 10. Nf1 Be6 11. Ng3 d5 12. exd5 Bxd5 13. Bc2 Ng4 14. Rf1 Nf6 15. Qe2 Qe7 16. Nd2 b5 17. Re1 Rab8 18. h3 Ba7 19. Nf3 Qd7 20. Nh4 Be6 21. Bd2 Rbd8 22. Nh5 Qe7 23. Rf1 e4 24. d4 Nxh5 25. Qxe4 f5 26. Nxf5 Bxf5 27. Qxf5 Nf6 28. Qg6 Kf8 29. Bb3 a4 30. Rfe1 Qd7 31. Bxh6 axb3 32. Qxf6+ Kg8 33. Bxg7 Qxg7 34. Qxc6 Rxe1+ 35. Rxe1 bxa2 36. Qa6 Bb6 37. Qxa2+ Qf7 38. Qa6 Rf8 39. f3 Re8 40. Rxe8+ Qxe8 41. Kf2 Qc6 42. Qc8+ Kg7 43. Qg4+ Kf7 44. Qf5+ Kg7 45. Ke3 b4 46. Kd3 bxc3 47. bxc3 Qa4 48. Qg5+ Kf7 49. Qh5+ Kg7 50. f4 Qa1 51. Qg4+ Kf6 52. Qg5+ Kf7 53. Qf5+ Kg7 54. Qd7+ Kf6 55. Qc6+ Kf5 56. Qf3 Qb1+ 57. Ke2 Qc2+ 58. Kf1 Qc1+ 59. Kf2 Qd2+ 60. Kg3 Qe1+ 61. Kh2 Qd2 62. Qd5+ Kf6 63. Qe5+ Kg6 64. f5+ Kf7 65. h4 Qxc3 66. Qe6+ Kf8 67. Qf6+ Ke8 68. Qg6+ Kd7 69. Qe6+ Kd8 70. f6 Bxd4 71. Qg8+ Kd7 72. Qg4+ Ke8 73. Qg6+ Kd8 74. Qg8+ Kd7 75. Qg4+ 1/2-1/2

[Event "55th Rubinstein Memorial-A 2019"]
[Site "Polanica-Zdroj"]
[Date "2019.08.23"]
[Round "7.13"]
[White "Zych, Marek"]
[Black "Luba, Lukasz"]
[Result "0-1"]
[ECO "A55"]
[WhiteElo "2061"]
[BlackElo "2130"]
[Annotator "NA"]
[PlyCount "86"]
[EventDate "2019.08.17"]
[EventType "swiss"]
[EventCountry "POL"]
[SourceTitle "playchess.com"]
[Source "ChessBase"]
[SourceQuality "1"]
[TimeControl "40/5400+30:1800+30"]

1. Nf3 d6 2. d4 Nf6 3. c4 Nbd7 4. Nc3 e5 5. e4 c6 6. Be2 Qc7 7. O-O Be7 8. Re1 h6 9. Rb1 a5 10. Qc2 g5 11. d5 c5 12. a3 a4 13. b3 axb3 14. Rxb3 Nf8 15. Bd2 Ng6 16. a4 g4 17. Reb1 gxf3 18. Bxf3 Nh4 19. Nb5 Qd7 20. Be2 Rg8 21. Rg3 Rg6 22. Rxg6 Nxg6 23. Bxh6 Nh7 24. Bg4 Qd8 25. Bf5 Bg5 26. Bxg5 Nxg5 27. Bxg6 fxg6 28. h4 Nf7 29. g3 Kf8 30. Nc3 Kg7 31. f3 g5 32. hxg5 Qxg5 33. Qf2 Qh6 34. g4 Bd7 35. Kg2 Rh8 36. Kf1 Bc8 37. Ke2 Qf4 38. Rg1 Rh3 39. g5 Kg6 40. Rg2 Nxg5 41. Nb5 Rxf3 42. Rxg5+ Kxg5 43. Qxf3 Bg4 0-1

[Event "55th Rubinstein Memorial-A 2019"]
[Site "Polanica-Zdroj"]
[Date "2019.08.23"]
[Round "7.14"]
[White "Betkowski, Andrzej"]
[Black "Shishkin, Vadim"]
[Result "0-1"]
[ECO "B26"]
[WhiteElo "2023"]
[BlackElo "2445"]
[Annotator "NA"]
[PlyCount "45"]
[EventDate "2019.08.17"]
[EventType "swiss"]
[EventCountry "POL"]
[SourceTitle "playchess.com"]
[Source "ChessBase"]
[SourceQuality "1"]
[TimeControl "40/5400+30:1800+30"]

1. e4 c5 2. Nc3 Nc6 3. g3 g6 4. Bg2 Bg7 5. d3 d6 6. Be3 e6 7. Qd2 b6 8. Nge2 Bb7 9. d4 Nf6 10. h3 e5 11. d5 Nd4 12. f4 Ba6 13. g4 h5 14. fxe5 dxe5 15. g5 Nh7 16. Ng1 f5 17. exf5 gxf5 18. O-O-O Nf8 19. Re1 Ng6 20. Nd1 O-O 21. c3 Rc8 22. Kb1 e4 23. Nf2 0-1

[Event "55th Rubinstein Memorial-A 2019"]
[Site "Polanica-Zdroj"]
[Date "2019.08.23"]
[Round "7.15"]
[White "Luberanski, Jakub"]
[Black "Niedbala, Bartlomiej"]
[Result "1/2-1/2"]
[ECO "B06"]
[WhiteElo "1996"]
[BlackElo "2169"]
[Annotator "NA"]
[PlyCount "150"]
[EventDate "2019.08.17"]
[EventType "swiss"]
[EventCountry "POL"]
[SourceTitle "playchess.com"]
[Source "ChessBase"]
[SourceQuality "1"]
[TimeControl "40/5400+30:1800+30"]

1. d4 g6 2. e4 Bg7 3. Nc3 a6 4. f4 d6 5. Nf3 b5 6. e5 Nd7 7. Bd3 c5 8. Qe2 cxd4 9. Ne4 Nh6 10. O-O O-O 11. a4 b4 12. exd6 Nf5 13. Bd2 exd6 14. Bxb4 Qb6 15. Bd2 Re8 16. Qf2 Bb7 17. a5 Qc7 18. Rae1 Ne3 19. Bxe3 dxe3 20. Rxe3 d5 21. Ng3 Qxf4 22. Rxe8+ Rxe8 23. Qa7 Qe3+ 24. Qxe3 Rxe3 25. Kf2 Re8 26. c3 Nc5 27. Bc2 f5 28. Rd1 Bf6 29. Ne2 Ne4+ 30. Kf1 g5 31. Bb3 Rd8 32. Ng3 Nc5 33. Ba2 f4 34. Nf5 Kf8 35. N3d4 Rd7 36. Re1 Ne4 37. Ne6+ Kf7 38. Nfd4 Bxd4 39. Nxd4 Kf6 40. Re2 Rc7 41. Bb1 Rc5 42. Nb3 Rb5 43. Bc2 h6 44. Ke1 Nc5 45. Nxc5 Rxc5 46. Re8 d4 47. Rh8 dxc3 48. Rxh6+ Ke5 49. bxc3 Rxc3 50. Kd2 Rc5 51. h4 gxh4 52. Rh5+ Kd6 53. Rh6+ Kc7 54. Rh7+ Kb8 55. Rxh4 Bxg2 56. Rxf4 Rxa5 57. Rf8+ Kc7 58. Rf7+ Kd6 59. Rf6+ Ke7 60. Rb6 Bf1 61. Kc3 Bb5 62. Kb2 Kd7 63. Rh6 Kc7 64. Rh5 Kb6 65. Rg5 Bc4 66. Rxa5 Kxa5 67. Ka1 Kb4 68. Bd1 a5 69. Bc2 Kc3 70. Bd1 Bb5 71. Ka2 Bc4+ 72. Ka1 Kd2 73. Ba4 Kc1 74. Be8 Bf7 75. Bxf7 a4 1/2-1/2